 Dungeon Crawl Stone Soup version 0.24-a0-412-ge138f7e (webtiles) character file.

Game seed: 4653910278114391985

4 r3xj the Firebug (level 1, 0/14 HPs)
             Began as a Draconian Fire Elementalist on June 7, 2019.
             Slain by a goblin
             ... wielding a +0 dagger
              (3 damage)
             ... on level 1 of the Dungeon.
             The game lasted 00:00:09 (66 turns).

r3xj the Firebug (Draconian Fire Elementalist)        Turns: 66, Time: 00:00:10

Health: 0/14       AC:  4    Str: 10    XL:     1   Next: 50%
Magic:  1/3        EV: 12    Int: 15    God:
Gold:   2          SH:  0    Dex: 11    Spells: 3/4 levels left

rFire    . . .     SeeInvis .   (no weapon)
rCold    . . .     Gourm    .   (no shield)
rNeg     . . .     Faith    .   (armour unavailable)
rPois    .         Spirit   .   (helmet restricted)
rElec    .         Reflect  .   (no cloak)
rCorr    .         Harm     .   (no gloves)
MR       .....                  (no boots)
Stlth    ++........             (no amulet)
HPRegen  0.04/turn              (no ring)
MPRegen  0.08/turn              (no ring)

@: no status effects
A: unfitting armour, cold-blooded, AC +4
a: no special abilities


You were on level 1 of the Dungeon.
You were not hungry.

You visited 1 branch of the dungeon, and saw 1 of its levels.

You collected 2 gold pieces.

Inventory:

Comestibles
 b - 2 rations


   Skills:
 + Level 1.8 Dodging
 + Level 1.8 Stealth
 + Level 2.0 Spellcasting
 + Level 1.1 Conjurations
 + Level 3.0 Fire Magic


You had 3 spell levels left.
You knew the following spells:

 Your Spells              Type           Power        Failure   Level  Hunger
a - Flame Tongue          Conj/Fire      #....        10%         1    #......

Your spell library contained the following spells:

 Spells                   Type           Power        Failure   Level  Hunger
 Throw Flame              Conj/Fire      #.....       14%         2    ###....
 Conjure Flame            Conj/Fire      #.......     28%         3    ###....
 Inner Flame              Hex/Fire       #.......     34%         3    ###....
 Sticky Flame             Conj/Fire      #.......     67%         4    #####..
 Fireball                 Conj/Fire      #.........   95%         5    ######.


Dungeon Overview and Level Annotations

Branches:
Dungeon (1/15)

Altars:


Innate Abilities, Weirdness & Mutations

Your plain brown scales are hard. (AC +4)
You cannot fit into any form of body armour.
You are cold-blooded and may be slowed by cold attacks.


Message History

* * * LOW HITPOINT WARNING * * *
The jackal bites you but does no damage.
You hit the jackal but do no damage. The jackal closely misses you.
You hit the jackal but do no damage.
You tail-slap the jackal, but do no damage.
The jackal bites you.
* * * LOW HITPOINT WARNING * * *
The goblin hits you but does no damage.
You closely miss the jackal. The jackal barely misses you.
The goblin closely misses you. The jackal closely misses you.
You closely miss the jackal. The jackal closely misses you.
The goblin closely misses you.
You hit the jackal.
The jackal is moderately wounded.
The jackal barely misses you. The goblin hits you but does no damage.
The jackal closely misses you.
You closely miss the jackal.
The jackal is moderately wounded.
The jackal barely misses you. The goblin hits you with a +0 dagger.
You die...

≈≈≈♣ ♣P .. ≈≈≈≈≈≈P
.# ..P≈≈≈PP # .#
.≈≈P≈P≈.##. .#
#.PPPP#.. ##g#
#.###.#..#.# #††#
#..........## #.#
#...........####.#
#.........#.@h.†.#
#.........###g....#
#.........# #.....#
#.........#
#........
#.........#
#.....##..
#[........# #.....#
# ####..#####
#.....# #.##
#...... #.#


You could see a jackal and a goblin.

Vanquished Creatures
  A leopard gecko (D:1)
  A jackal (D:1)
  A rat (D:1)
3 creatures vanquished.

Notes
Turn   | Place    | Note
-------+----------+-------------------------------------------
     0 | D:1      | r3xj the Draconian Fire Elementalist began the quest for
                  | the Orb.
     0 | D:1      | Reached XP level 1. HP: 14/14 MP: 3/3
    66 | D:1      | Slain by a goblin

Levels and vault maps discovered:
D:1:      lightli_molten_gateway, layout_rooms, serial_bayou_lagoon_a

Action                   || total
-------------------------++-------
Melee: Unarmed           ||    16
       Tailslap          ||     1
 Cast: Flame Tongue      ||     3
Armor: Skin              ||     5
Dodge: Dodged            ||    17

Table legend:
 A = Non-vault XP
 B = Vault XP
 C = Vault XP percentage of total XP
 D = Non-vault monster count
 E = Vault monster count
 F = Vault count percentage of total count
                 A         B        C        D         E       F
            +---------+---------+-------+---------+---------+-------
      Total |       6 |       0 |   0.0 |       3 |       0 |   0.0
            +---------+---------+-------+---------+---------+-------
        D:1 |       6 |       0 |   0.0 |       3 |       0 |   0.0
            +---------+---------+-------+---------+---------+-------
